 Dungeon Crawl Stone Soup version 0.28.0-45-g0d030f2227 (webtiles) character file.

Game seed: 15154645696089499278

43 pkoi the Insei (level 3, 0/29 HPs)
             Began as a Demigod Gladiator on Apr 20, 2022.
             Frozen to death by an endoplasm (2 damage)
             ... on level 1 of the Dungeon.
             The game lasted 00:02:34 (1446 turns).

pkoi the Insei (Demigod Gladiator)                  Turns: 1446, Time: 00:02:34

Health: 0/29       AC: -8    Str: 15    XL:     3   Next: 20%
Magic:  0/5        EV: 12    Int: 14    God:
Gold:   21         SH:  0    Dex: 15    Spells: 2/2 levels left

rFire   . . .      SeeInvis .     - Unarmed
rCold   . . .      Faith    .   (no shield)
rNeg    . . .      Spirit   +   a - +0 leather armour
rPois   .          Reflect  .   b - +0 helmet
rElec   .          Harm     .   (no cloak)
rCorr   .          Rampage  .   (no gloves)
Will    .....                   (no boots)
Stlth   +.........              g - amulet of guardian spirit
HPRegen 0.09/turn               (no ring)
MPRegen 0.09/turn               (no ring)

@: corroded
A: high MP 1, forlorn, divine attributes
a: no special abilities


You were on level 1 of the Dungeon.
You visited 1 branch of the dungeon, and saw 2 of its levels.

You collected 21 gold pieces.

Inventory:

Hand Weapons
 m - a +2 dagger of draining
Missiles
 c - 3 throwing nets (quivered)
Armour
 a - a +0 leather armour (worn)
 b - a +0 helmet (worn)
Jewellery
 g - an amulet of guardian spirit (around neck)
 j - a +4 ring of evasion
Scrolls
 d - a scroll of holy word {unknown}
 f - a scroll of noise {unknown}
 h - a scroll of identify {unknown}
 l - a scroll of fog {unknown}
Potions
 e - a potion of might {unknown}
 i - a potion of curing {unknown}
 k - a potion of berserk rage {unknown}
 n - a potion of degeneration {unknown}


   Skills:
 - Level 1.7 Fighting
 - Level 1.7 Throwing
 - Level 2.6 Dodging
 + Level 4.1 Unarmed Combat


You had 2 spell levels left.
You didn't know any spells.
Your spell library contained the following spells:

 Spells                   Type           Power      Damage    Failure   Level
 Ignite Poison            Fire/Tmut/Pois 0%         N/A       71%         3
 Mephitic Cloud           Conj/Pois/Air  0%         N/A       71%         3
 Freezing Cloud           Conj/Ice/Air   0%         6-21      100%        5


Dungeon Overview and Level Annotations

Branches:
Dungeon (2/15)

Shops:
D:1 =


Innate Abilities, Weirdness & Mutations

You have an increased reservoir of magic. (+10% MP)
You shall have no god before yourself.
Your divine heritage dramatically boosts your attributes as you level up.


Message History

You barely miss the endoplasm.
The endoplasm is heavily wounded.
You hit the endoplasm. Your punch misses the endoplasm.
The endoplasm is severely wounded.
The endoplasm barely misses you.
You hit the endoplasm.
You kill the endoplasm!
You start resting.
Magic restored.
You start resting.
HP restored.
There is a stone staircase leading down here.
Saving game... please wait.
Welcome back, pkoi the Demigod Gladiator.
Press ? for a list of commands and other information.
You climb downwards.
The jelly hits you but does no damage.
There is a stone staircase leading up here.
Unknown command.
The endoplasm barely misses you. The jelly barely misses you.
You climb upwards.
There is a stone staircase leading down here.
Unknown command.
Unknown command.
You punch the jelly!
Your hands burn!
The jelly is heavily wounded.
The endoplasm hits you but does no damage.
The jelly hits you. The acid corrodes you!
You are splashed with acid!
* * * LOW HITPOINT WARNING * * *
You hit the jelly. The acid corrodes you!
Your hands burn!
The jelly is severely wounded.
The endoplasm closely misses you. The jelly hits you.
* * * LOW HITPOINT WARNING * * *
You are splashed with acid!
* * * LOW HITPOINT WARNING * * *
You hit the jelly but do no damage. The acid corrodes you!
Your hands burn!
* * * LOW HITPOINT WARNING * * *
The jelly is severely wounded.
The endoplasm freezes you.
You are frozen.
You die...

##### #...# #...# #...#
###########...#
#.........#...#
#.........#J@.#
#####.........[J..########
.........................#
###
..............#..........#
##..
#####.....)...#..........#
##...
#....................#
#....
#####.........#..#.......#
#....
.......#########.........#
#.... #.......##
###.......# ###...


You could see a jelly and an endoplasm.

Vanquished Creatures
  3 ball pythons (D:1)
  6 bats (D:1)
  3 endoplasms
  A giant cockroach (D:1)
  4 goblins (D:1)
  2 hobgoblins (D:1)
  6 jackals
  9 kobolds
  3 frilled lizards (D:1)
  2 rats (D:1)
39 creatures vanquished.

Vanquished Creatures (others)
  2 fungi (D:2)
  12 toadstools (D:2)
14 creatures vanquished.

Grand Total: 53 creatures vanquished

Notes
Turn   | Place    | Note
-------+----------+-------------------------------------------
     0 | D:1      | pkoi the Demigod Gladiator began the quest for the Orb.
     0 | D:1      | Reached XP level 1. HP: 17/17 MP: 3/3
   149 | D:1      | Reached skill level 3 in Unarmed Combat
   285 | D:1      | Found Woqeugitz's Jewellery Shop.
   466 | D:1      | Reached XP level 2. HP: 24/24 MP: 2/4
  1006 | D:2      | Reached XP level 3. HP: 24/29 MP: 3/5
  1120 | D:2      | Reached skill level 4 in Unarmed Combat
  1446 | D:1      | Frozen to death by an endoplasm

Illustrated notes

Levels and vault maps discovered:
D:1:      elethiomel_arrival_quiet, layout_rooms,
          chequers_ecumenical_altar_grove, serial_shops,
          nicolae_shop_statue_plus
D:2:      cheibrodos_fertilizer, layout_loops_ring

Skill      XL: |  1  2  3 |
---------------+----------+-----
Unarmed Combat | 3 4 |  4.1
Fighting       | |  1.7
Throwing       | |  1.7
Dodging        | |  2.6

Action                   || total
-------------------------++-------
Melee: Unarmed           ||   131
       Punch             ||     2
 Stab: Sleeping          ||     1
Armor: Leather armour    ||    47
Dodge: Dodged            ||   103
